Map: Proxima Station LE

Players

BLY - Winner!

  • Race: Zerg Zerg
  • Spawn Location: 7:00

FeaR

  • Race: Protoss Protoss
  • Spawn Location: 1:00

Event: WCS Austin 2017

VOD

Have the link to the VOD?

Description

Time

  • Played on: April 28, 2017, 2:18 p.m.
  • Length: 12:13

All games in this series

Show
View Real Time Build Order
Export as new Build Order

BLY Zerg - Winner!

Build Orders: Hatch First 

Get SALT Encoding   

  12  0:01  Drone  
  13  0:12  Overlord  
  13  0:18  Drone  
  14  0:31  Drone x2  
  16  0:50  Hatchery  
  16  0:52  Drone  
  16  1:07  Spawning Pool  
  16  1:10  Drone  
  16  1:14  Drone  
  16  1:18  Drone  
  18  1:28  Extractor  
  18  1:30  Drone  
  18  1:39  Drone  
  19  1:51  Overlord  
  19  1:53  Queen  
  21  1:55  Zergling x2  
  22  2:01  Queen  
  22  2:02  Zergling x2  
  25  2:17  Drone  
  25  2:18  Drone x2  
  28  2:27  Drone  
  28  2:29  Queen  
  31  2:34  Metabolic Boost  
  31  2:36  Overlord  
  31  2:37  Zergling x2  
  31  2:40  Zergling x2  
  33  2:48  Zergling x4  
  34  2:59  Drone x2  
  34  3:03  Overlord  
  36  3:12  Drone x4  
  38  3:13  Overlord  
  38  3:14  Drone  
  38  3:15  Drone  
  38  3:29  Drone x2  
  40  3:37  Evolution Chamber  
  40  3:38  Zergling x2  
  40  3:39  Zergling x2  
  41  3:42  Hatchery  
  41  3:45  Overlord  
  41  3:47  Zergling x2  
  41  3:56  Drone x2  
  41  3:57  Drone x4  
  41  4:01  Overlord  
  47  4:07  Drone  
  47  4:08  Queen  
  49  4:15  Overlord  
  49  4:23  Drone x6  
  55  4:28  Overlord  
  55  4:30  Queen  
  57  4:33  Spore Crawler  
  57  4:37  Overlord  
  54  4:50  Drone  
  54  4:51  Drone x3  
  58  4:58  Zergling x2  
  58  4:59  Zergling x14  
  65  5:09  Zergling x2  
  65  5:10  Queen x2, Zergling x4  
  70  5:16  Spore Crawler  
  67  5:23  Drone x3  
  67  5:26  Overlord  
  70  5:33  Drone x4  
  70  5:35  Queen  
  74  5:42  Extractor  
  75  5:43  Overlord  
  75  5:44  Extractor  
  74  5:51  Drone x4  
  74  5:54  Overlord  
  76  5:57  Lair, Zerg Melee Weapons Level 1  
  76  6:11  Overlord  
  74  6:12  Overlord  
  74  6:15  Overlord  
  74  6:16  Drone  
  74  6:17  Drone x2  
  77  6:20  Overlord  
  77  6:22  Drone x6  
  77  6:25  Drone x2  
  84  6:29  Extractor x2  
  84  6:32  Drone x4  
  85  6:36  Baneling Nest  
  84  6:40  Zergling x2  
  84  6:41  Zergling x2  
  84  6:47  Hatchery  
  85  6:53  Drone x3, Extractor  
  87  6:58  Zergling x6  
  87  6:59  Zergling x6, Hydralisk Den  
  92  7:05  Overseer  
  92  7:08  Drone x2  
  94  7:13  Overlord  
  94  7:15  Hatchery  
  94  7:18  Overlord  
  94  7:21  Zergling x12, Centrifical Hooks  
  98  7:23  Baneling x2  
  98  7:24  Baneling x5  
  98  7:35  Baneling x3  
  98  7:37  Zergling x12  
  104  7:45  Drone x8  
  112  7:53  Overlord  
  112  8:01  Zerg Melee Weapons Level 2  
  112  8:03  Hatchery  
  112  8:05  Muscular Augments  
  111  8:12  Spire  
  111  8:15  Hatchery  
  109  8:23  Hydralisk x6  
  121  8:32  Hatchery  
  121  8:33  Overseer  
  121  8:39  Hydralisk x6  
  129  8:48  Drone x3  
  129  8:51  Drone  
  129  8:52  Drone x5  
  135  8:57  Overlord  
  135  9:06  Baneling x5  
  135  9:07  Baneling x9  
  135  9:14  Hydralisk x2  
  135  9:15  Zergling x10  
  144  9:18  Extractor  
  144  9:21  Extractor, Baneling x3  
  131  9:35  Zergling x22  
  131  9:36  Zergling x4  
  141  9:44  Zergling x6  
  116  10:03  Mutalisk x9  
  134  10:07  Drone  
  134  10:08  Drone x3  
  138  10:15  Mutalisk x2  
  138  10:19  Zergling x6  
  145  10:30  Drone  
  145  10:34  Drone  
  145  10:36  Hydralisk x7  
  145  10:37  Hydralisk  
  145  10:40  Zergling x6  
  145  10:41  Zergling x10  
  169  10:48  Baneling x10  
  169  10:49  Baneling x3  
  163  11:06  Hydralisk x8  
  163  11:09  Zergling x18  
  172  11:20  Baneling x6  
  172  11:21  Baneling x6  
  172  11:25  Zergling x20  
  177  11:26  Zergling x2  
  164  11:53  Zergling x16  
  164  11:54  Zergling x24  
Show
View Real Time Build Order
Export as new Build Order

FeaR Protoss 

Build Orders: 1 Gate Expand 

Get SALT Encoding   

  12  0:00  Probe (Chrono Boost)  
  13  0:11  Probe (Chrono Boost)  
  14  0:17  Pylon  
  14  0:22  Probe (Chrono Boost)  
  16  0:35  Probe (Chrono Boost)  
  16  0:38  Gateway  
  16  0:43  Assimilator  
  16  0:46  Probe (Chrono Boost)  
  17  0:57  Probe (Chrono Boost)  
  18  1:02  Gateway  
  18  1:07  Probe (Chrono Boost)  
  19  1:25  Cybernetics Core  
  19  1:39  Nexus  
  19  1:51  Pylon  
  19  1:59  Adept x2  
  23  2:03  Warp Gate  
  23  2:11  Probe (Chrono Boost)  
  24  2:15  Assimilator  
  24  2:22  Probe (Chrono Boost)  
  25  2:25  Stalker  
  27  2:33  Probe (Chrono Boost)  
  28  2:43  Probe (Chrono Boost)  
  30  2:51  Probe (Chrono Boost)  
  30  2:54  Probe (Chrono Boost)  
  31  3:02  Probe (Chrono Boost)  
  31  3:04  Probe (Chrono Boost)  
  33  3:12  Probe (Chrono Boost)  
  33  3:15  Probe (Chrono Boost)  
  33  3:19  Adept  
  34  3:23  Probe (Chrono Boost)  
  34  3:25  Probe (Chrono Boost)  
  34  3:27  Stargate  
  34  3:33  Probe (Chrono Boost)  
  35  3:36  Mothership Core (Chrono Boost)  
  35  3:39  Pylon  
  37  3:44  Probe (Chrono Boost)  
  38  3:49  Adept  
  38  3:50  Adept  
  38  3:54  Probe x2 (Chrono Boost)  
  44  3:57  Pylon  
  44  4:05  Probe x2 (Chrono Boost)  
  46  4:10  Oracle  
  46  4:16  Probe (Chrono Boost)  
  51  4:17  Probe (Chrono Boost)  
  51  4:26  Probe (Chrono Boost)  
  51  4:27  Adept  
  51  4:28  Adept  
  51  4:29  Probe (Chrono Boost)  
  57  4:37  Twilight Council, Probe (Chrono Boost)  
  58  4:41  Probe (Chrono Boost)  
  58  4:47  Probe (Chrono Boost)  
  59  4:53  Probe (Chrono Boost)  
  59  4:55  Assimilator  
  59  4:58  Assimilator, Probe (Chrono Boost)  
  59  5:00  Nexus  
  60  5:07  Oracle, Nexus  
  60  5:09  Resonating Glaives  
  56  5:14  Pylon  
  56  5:18  Probe (Chrono Boost)  
  56  5:21  Probe (Chrono Boost)  
  54  5:30  Probe (Chrono Boost)  
  54  5:33  Probe (Chrono Boost)  
  56  5:36  Adept  
  56  5:38  Adept  
  61  5:42  Probe (Chrono Boost)  
  61  5:45  Phoenix  
  61  5:49  Robotics Facility  
  64  5:50  Pylon  
  64  5:53  Forge  
  64  5:56  Probe (Chrono Boost)  
  65  5:58  Probe (Chrono Boost)  
  65  5:59  Adept  
  65  6:01  Adept  
  68  6:12  Probe (Chrono Boost)  
  68  6:14  Probe (Chrono Boost)  
  69  6:22  Probe (Chrono Boost)  
  69  6:24  Probe (Chrono Boost)  
  70  6:25  Adept x2  
  70  6:28  Probe (Chrono Boost)  
  70  6:29  Pylon  
  70  6:32  Probe (Chrono Boost)  
  76  6:35  Probe (Chrono Boost)  
  78  6:40  Probe (Chrono Boost)  
  78  6:43  Probe (Chrono Boost)  
  78  6:45  Pylon  
  79  6:47  Adept x2  
  79  6:48  Probe (Chrono Boost), Charge  
  79  6:50  Gateway  
  79  6:52  Assimilator, Gateway  
  79  6:53  Probe x2 (Chrono Boost)  
  86  6:56  Assimilator  
  86  6:58  Probe (Chrono Boost)  
  87  7:04  Probe (Chrono Boost)  
  87  7:05  Probe (Chrono Boost)  
  89  7:09  Probe (Chrono Boost), Adept x2  
  89  7:14  Probe (Chrono Boost)  
  96  7:17  Probe (Chrono Boost)  
  96  7:20  Probe (Chrono Boost)  
  97  7:23  Robotics Facility, Warp Prism, Protoss Ground Weapons Level 1  
  100  7:31  Probe (Chrono Boost)  
  101  7:37  Probe (Chrono Boost)  
  101  7:43  Sentry x2  
  107  7:47  Pylon  
  107  7:50  Pylon  
  105  7:52  Templar Archives  
  105  7:54  Pylon  
  105  7:55  Pylon  
  105  8:04  Zealot x2  
  109  8:06  Zealot x2  
  109  8:11  Immortal  
  117  8:17  Pylon  
  117  8:18  Pylon x2  
  117  8:19  Immortal  
  117  8:20  Psionic Storm  
  121  8:30  Zealot x3  
  127  8:36  Gateway  
  127  8:37  Gateway  
  127  8:39  Gateway x2  
  127  8:50  Immortal  
  127  8:53  High Templar x4  
  139  8:58  Immortal  
  139  9:09  Pylon  
  143  9:21  Pylon  
  142  9:29  Immortal  
  140  9:36  Zealot x5  
  138  9:40  Archon  
  138  9:41  Archon  
  138  9:42  Immortal  
  100  9:57  Zealot x5  
  106  10:04  High Templar x3  
  112  10:08  Immortal  
  112  10:09  Pylon  
  116  10:16  Immortal  
  116  10:18  High Templar x3  
  126  10:22  Archon x2  
  122  10:29  Phoenix  
  122  10:31  Photon Cannon  
  122  10:32  Photon Cannon  
  122  10:34  Photon Cannon  
  118  10:40  Stalker x4  
  126  10:44  Nexus  
  126  10:48  Immortal  
  130  10:54  Phoenix  
  121  11:05  Probe (Chrono Boost)  
  122  11:12  Probe (Chrono Boost)  
  122  11:13  Immortal  
  120  11:19  Phoenix  
  120  11:21  Probe x2 (Chrono Boost)  
  120  11:22  High Templar x2  
  120  11:24  Probe (Chrono Boost), Zealot x4  
  141  11:27  Immortal  
  147  11:33  Probe x2 (Chrono Boost)  
  147  11:36  Probe (Chrono Boost)  
  147  11:45  Zealot  
  129  11:47  Sentry  
  129  11:48  Zealot x2  
  129  11:49  Zealot x2  
  121  11:57  Zealot x2  
Tags
 
Add a new tag
Caveats
  • Supply blocks, unpowered buildings, or Contaminate may cause inaccurate times.
  • Supply counts are checked every 10 seconds.